cohdb
Replays
Latest Replays
All Replays
Popular Replays
Top Player Replays
Match Explorer
How It Works
Community
CoH3 Stats
Reddit
Sign in to upload your games and track your stats! →
Sign in with Steam
Match 41828888
Unlisted
Match 41828888
Overview
Messages
Build Orders
End
Royal Engineer Section
Construct Section Command Post
Vickers Machine Gun Team
Infantry Section
ML 3-inch Mortar Team
Dingo Light Scout Car
Construct Platoon Command Post
Infantry Section
Infantry Section
Selects Indian Artillery Battlegroup
Selects Towed ML 4.2-inch Heavy Mortar
Selects Valour
Vickers Machine Gun Team
Humber Armored Car
Unlock M3 Stuart Light Tanks
Yook
Grand.G
0
0
Comments
sign in to comment!
No comments posted yet!